 Dungeon Crawl Stone Soup version 0.27-a0-1365-ge71e8f7681 (webtiles) character file.

Game seed: 17138672744002914228

144339 Froggeryz the Imperceptible (level 17, -4/126 HPs)
             Began as an Octopode Berserker on June 28, 2021.
             Was the Champion of Trog.
             Slain by an alligator snapping turtle (42 damage)
             ... on level 3 of the Shoals.
             The game lasted 00:46:44 (25460 turns).

Froggeryz the Imperceptible (Octopode Berserker)   Turns: 25460, Time: 00:46:44

Health: -4/126     AC: 11    Str: 18    XL:     17   Next: 39%
Magic:  26/26      EV: 28    Int: 11    God:    Trog [******]
Gold:   1620       SH:  9    Dex: 24    Spells: 16/16 levels left

rFire    + + .     SeeInvis .   K - +9 quick blade (freeze)
rCold    . . .     Faith    .   l - +1 buckler {AC+3}
rNeg     + . .     Spirit   .   H - +2 hat {Stlth+}
rPois    .         Reflect  .   v - amulet of regeneration
rElec    .         Harm     .   D - +4 ring of slaying
rCorr    .         Rampage  .   P - +6 ring of dexterity
Will     +....                  R - +4 ring of protection Stlth *+++++++++
                                T - ring of the Octopus King {MP+9 AC+1 EV+1 Str+1 Int+1 Dex+1}
HPRegen  1.31/turn              h - ring of flight
MPRegen  0.20/turn              q - ring of protection from fire
                                V - ring of positive energy
                                a - ring of protection from fire

@: flying, studying Short Blades
A: almost no armour, amphibious, 8 rings, camouflage 1, gelatinous body 1,
nimble swimmer 1, tentacles
a: Renounce Religion, Berserk, Trog's Hand, Brothers in Arms


You were on level 3 of the Shoals.
You worshipped Trog.
Trog was exalted by your worship.
You visited 4 branches of the dungeon, and saw 25 of its levels.
You also visited: Ice Cave.

You collected 2498 gold pieces.
You spent 878 gold pieces at shops.

Inventory:

Hand Weapons
 r - a +5 quick blade
 K - a +9 quick blade of freezing (weapon)
Missiles
 b - 8 silver javelins
 i - 2 throwing nets
 n - 80 poisoned darts (quivered)
 s - 8 curare-tipped darts
 y - 4 atropa-tipped darts
 C - 57 boomerangs
 F - 11 javelins
 U - 7 boomerangs of dispersal
Armour
 l - a +1 buckler of protection (worn)
 H - a +2 hat of stealth (worn)
 I - the +0 hat of the Last Visions {Regen+ Int+4}
   (You found it on level 9 of the Dungeon)

   Int:       It affects your intelligence (+4).
   Regen:     It increases your rate of health regeneration.
Jewellery
 a - a ring of protection from fire (on tentacle)
 h - a ring of flight (on tentacle)
 q - a ring of protection from fire (on tentacle)
 v - an amulet of regeneration (around mantle)
 D - a +4 ring of slaying (left tentacle)
 P - a +6 ring of dexterity (right tentacle)
 R - a +4 ring of protection (on tentacle)
 T - a ring of the Octopus King (on tentacle) {MP+9 AC+1 EV+1 Str+1 Int+1 Dex+1}
   (You bought it in a shop on level 8 of the Dungeon)

   [ring of magical power]

   AC:        It affects your AC (+1).
   EV:        It affects your evasion (+1).
   Str:       It affects your strength (+1).
   Int:       It affects your intelligence (+1).
   Dex:       It affects your dexterity (+1).
   MP:        It affects your magic capacity (+9).
 V - a ring of positive energy (on tentacle)
Wands
 f - a wand of acid (9)
 o - a wand of digging (23)
 w - a wand of iceblast (44)
 E - a wand of paralysis (8)
 G - a wand of flame (48)
 J - a wand of charming (21)
 Q - a wand of polymorph (19)
Scrolls
 c - a scroll of summoning
 d - 5 scrolls of fear
 g - 7 scrolls of identify
 k - 10 scrolls of enchant armour
 u - 8 scrolls of teleportation
 x - 3 scrolls of magic mapping
 A - a scroll of enchant weapon
 B - a scroll of silence
 L - 5 scrolls of fog
 W - a scroll of blinking
Potions
 e - 6 potions of haste
 j - 4 potions of resistance
 m - 5 potions of might
 p - 2 potions of cancellation
 t - 9 potions of heal wounds
 z - 11 potions of curing
 M - 3 potions of ambrosia
 O - a potion of mutation
Miscellaneous
 N - a phial of floods
 S - a phantom mirror


   Skills:
 * Level 14.7 Fighting
 - Level 10.1 Short Blades
 - Level 6.3 Throwing
 - Level 15.7 Dodging
 - Level 21.0 Stealth
 + Level 9.0 Shields
 - Level 5.0 Evocations


You had 16 spell levels left.
You didn't know any spells.
Your spell library contained the following spells:

 Spells                   Type           Power      Damage    Failure   Level
 Beastly Appendage        Tmut           0%         N/A       34%         1
 Sublimation of Blood     Necr           0%         N/A       47%         2
 Dispel Undead            Necr           0%         3d6       98%         4
 Blade Hands              Tmut           0%         N/A       100%        5
 Statue Form              Tmut/Erth      0%         N/A       100%        6


Dungeon Overview and Level Annotations

Branches:
Dungeon (14/15)            Temple (0/1) D:6            Lair (6/6) D:10
 Shoals (3/4) Lair:2       Spider (0/4) Lair:4        Slime (0/5) Lair:5
    Orc (2/2) D:10            Elf (0/3) Orc:2        Vaults (0/5) D:14
  IceCv (visited)

Altars:
Ashenzari
Dithmenos
Elyvilon
Gozag
Hepliaklqana
Makhleb
Nemelex Xobeh
Okawaru
Qazlal
Ru
Vehumet
Xom
Beogh

Shops:
D:2 [   D:6 *   D:8 *=   D:12 *   Orc:2 :[([   Shoals:1 *

Annotations:
D:12 3 runed translucent doors, Tesamn's ghost, novice MiBe
D:13 2 runed translucent doors, twist's ghost, journeyman DjIE
Lair:3 exclusion: door


Innate Abilities, Weirdness & Mutations

You cannot wear most types of armour.
You are amphibious.
You can wear up to eight rings at the same time.
Your skin changes colour to match your surroundings (Stealth+).
Your rubbery body absorbs attacks. (AC +1, EV +1)
You are camouflaged near water. (Stealth+)
You have tentacles for arms and can constrict up to eight enemies at once.


Message History

The merfolk is moderately wounded.
You constrict the merfolk, but do no damage.
The satyr shoots an arrow.
The arrow hits you!
You puncture the merfolk! You freeze the merfolk. You squeeze the merfolk!
The merfolk is severely wounded.
You constrict the merfolk. You puncture the merfolk! You freeze the merfolk.
You squeeze the merfolk.
You kill the merfolk!
Trog accepts your kill.
You hear a splash. x2
The water nymph gestures at you while chanting.
The water rises up and strikes you!
Your Shields skill increases to level 9!
The satyr shoots an arrow.
The arrow barely misses you.
A centaur comes into view.
The water nymph casts a spell at you. The water rises up and strikes you!!
Things that are here:
a +0 trident; a throwing net; a merfolk corpse The centaur shouts!
You puncture the water nymph! You freeze the water nymph.
Your grab misses the water nymph. Your squeeze misses the water nymph.
The water nymph is moderately wounded.
You hit the water nymph. You freeze the water nymph.
Your grab misses the water nymph.
The water nymph is heavily wounded.
The alligator snapping turtle misses you.
You closely miss the water nymph. Your grab misses the water nymph.
You squeeze the water nymph!
The water nymph is almost dead.
The water nymph touches you.
You puncture the water nymph! You freeze the water nymph.
You kill the water nymph!
Trog accepts your kill.
Trog appreciates your killing of a magic user.
The centaur wields a +0 shortbow.
The centaur shoots an arrow.
The arrow closely misses you.
The satyr shoots an arrow.
The arrow hits you!!
The alligator snapping turtle bites you from afar!!!
You die...

* *,,****....≈≈≈≈≈≈≈≈≈≈≈≈≈ *
*,,,####..≈≈≈≈≈≈≈≈≈≈≈≈≈≈ *
**,<≈≈....≈≈≈≈≈≈≈≈≈≈≈≈≈≈≈
****,,,≈≈....≈≈≈≈≈≈≈≈≈≈≈≈≈≈≈
,*,,,,,≈.....≈≈≈≈≈≈≈≈≈≈≈≈≈≈≈
**,,,,,≈....≈≈≈≈≈≈≈≈≈≈≈≈≈≈≈≈
**,≈≈,,,≈≈..≈≈≈)≈≈≈≈≈≈≈≈≈≈≈≈
**^≈≈,,≈...c≈≈t≈≈≈≈≈≈≈≈≈≈≈≈≈
≈,≈≈≈≈≈≈...c≈≈≈≈@≈≈≈≈≈≈≈≈≈≈≈
≈≈≈≈≈≈≈≈≈≈≈≈≈≈≈≈≈≈≈≈≈≈≈≈≈≈≈≈
≈≈≈≈≈≈≈≈≈≈≈≈≈≈≈≈≈≈≈≈≈≈≈≈≈≈≈≈
≈≈≈≈≈≈≈≈≈≈≈≈≈≈≈≈≈≈≈≈≈≈≈≈≈≈≈≈
≈≈≈≈..≈≈.≈≈.≈≈≈≈≈≈≈≈≈≈≈≈≈≈≈≈
≈.≈≈.≈≈≈≈≈≈≈≈≈≈≈≈≈≈≈≈≈≈≈≈≈≈≈
≈.≈.≈≈≈.≈≈≈≈≈≈≈≈≈≈≈≈≈≈≈≈≈≈≈≈
≈≈≈..≈≈..≈≈≈≈≈.≈≈≈≈≈≈≈≈≈≈≈≈≈
≈....≈≈≈≈≈≈≈≈..≈≈≈≈≈≈≈≈≈≈≈≈≈


You could see an alligator snapping turtle, a satyr and a centaur.

Vanquished Creatures
  Jorgrun (Orc:2)
  An Ice Fiend (IceCv)
  Frances (D:14)
  Nessos (Orc:2)
  Azrael (D:13)
  A dire elephant (Lair:6)
  3 ettins
  A merfolk impaler (Shoals:1)
  Fannar (Lair:1)
  10 hydras
  2 vault guards (D:14)
  2 merfolk avatars
  3 merfolk aquamancers
  6 boulder beetles
  A centaur warrior (D:13)
  3 catoblepae
  2 alligator snapping turtles (Shoals:2)
  A death knight (D:13)
  An alligator (Shoals:2)
  4 two-headed ogres
  Urug (Orc:2)
  4 satyrs
  A deep troll shaman (Lair:6)
  14 death yaks
  Nergalle (Lair:4)
  4 sea snakes
  4 skeletal warriors (D:14)
  A wizard (D:14)
  2 necromancers (D:14)
  Pikel (D:8)
  3 deep elf pyromancers
  8 orc knights (Orc:2)
  3 oklob plants (Lair:3)
  3 orc sorcerers
  9 harpies (Shoals:2)
  5 ugly things (D:14)
  A wolf spider (Lair:3)
  7 fauns
  11 manticores
  3 ice statues
  23 elephants
  2 cyclopes
  A torpor snail (Lair:5)
  4 black mambas
  Maurice (D:9)
  A torpor snail (shapeshifter) (D:13)
  A water nymph (Shoals:3)
  9 cane toads
  A kobold demonologist (D:11)
  Maggie (D:7)
  A rime drake (Lair:5)
  10 komodo dragons
  8 ice devils (IceCv)
  2 anaconda simulacra (IceCv)
  An efreet (D:14)
  A golden dragon simulacrum (IceCv)
  5 jumping spiders
  9 merfolk
  A queen bee (D:10)
  9 trolls
  3 polar bears (Lair:6)
  5 wind drakes
  A hornet (D:7)
  10 slime creatures
  27 blink frogs
  5 snapping turtles
  14 dream sheep
  2 shadows (D:9)
  Sigmund (D:6)
  A tarantella (Lair:3)
  A vampire (D:12)
  A wraith (D:12)
  54 yaks
  2 wyverns
  4 redbacks
  12 water elementals
  4 fire elementals
  20 humans (D:14)
  A dire elephant simulacrum (IceCv)
  A steam dragon (D:9)
  8 basilisks
  3 vampire mosquitoes (D:13)
  8 wargs (Orc:2)
  Menkaure (D:7)
  A harpy simulacrum (IceCv)
  15 water moccasins
  3 hell hounds
  4 hydra simulacra (IceCv)
  3 black bears
  46 orc warriors
  An ettin simulacrum (IceCv)
  A swamp drake (D:9)
  2 necrophages
  8 ogres
  10 wolves
  6 centaurs
  A lemure (D:8)
  A phantom (D:5)
  3 kobold brigands
  Blork the orc (D:5)
  11 bullfrogs
  2 gnoll sergeants
  2 scorpions (D:6)
  29 killer bees (D:10)
  5 electric eels
  3 wights (D:9)
  A crimson imp (D:9)
  A bullfrog zombie (D:4)
  3 centaur zombies
  5 hounds
  14 jellies
  2 gnoll shamans
  10 orc priests
  3 centaur skeletons
  An iron imp (D:9)
  4 iguanas
  23 orc wizards
  A scorpion zombie (D:5)
  2 hell rats (Lair:4)
  2 killer bee zombies
  2 howler monkey zombies
  19 gnolls
  12 adders
  11 river rats (Lair:4)
  3 shadow imps
  2 white imps
  A dart slug (D:3)
  78 orcs
  7 ball pythons
  4 endoplasms
  3 giant cockroaches
  13 goblins
  6 hobgoblins
  8 jackals (D:4)
  23 kobolds
  4 bats
  3 frilled lizards (D:1)
  8 rats
849 creatures vanquished.

Vanquished Creatures (others)
  A black bear (D:10)
  An orc (Orc:2)
  26 fungi
  70 plants
98 creatures vanquished.

Grand Total: 947 creatures vanquished

Notes
Turn   | Place    | Note
-------+----------+-------------------------------------------
     0 | D:1      | Froggeryz the Octopode Berserker began the quest for the
                  | Orb.
     0 | D:1      | Reached XP level 1. HP: 16/16 MP: 1/1
    84 | D:1      | Reached skill level 1 in Stealth
   200 | D:1      | Reached XP level 2. HP: 13/21 MP: 2/2
   687 | D:1      | Reached XP level 3. HP: 26/26 MP: 3/3
   832 | D:1      | Reached skill level 2 in Stealth
  1223 | D:2      | Reached ** piety under Trog
  1347 | D:2      | Found Malupana's Antique Armour Shop.
  1462 | D:2      | Reached XP level 4. HP: 27/31 MP: 4/4
  1635 | D:2      | Reached skill level 3 in Stealth
  1949 | D:3      | Found a faded altar of an unknown god.
  2000 | D:3      | Reached XP level 5. HP: 36/36 MP: 5/5
  2102 | D:3      | Reached skill level 5 in Short Blades
  3082 | D:4      | Found a white marble altar of Elyvilon.
  3083 | D:4      | Found a broken altar of Ashenzari.
  3083 | D:4      | Found a hazy altar of Hepliaklqana.
  3194 | D:4      | Reached skill level 4 in Stealth
  3271 | D:4      | Reached XP level 6. HP: 33/42 MP: 6/6
  3289 | D:4      | Reached *** piety under Trog
  3580 | D:4      | Found a sparkling altar of Nemelex Xobeh.
  3618 | D:4      | Reached skill level 5 in Stealth
  3845 | D:5      | Entered Level 5 of the Dungeon
  3856 | D:5      | Noticed a water moccasin
  3940 | D:5      | Reached XP level 7. HP: 37/46 MP: 7/7
  4338 | D:5      | Noticed Blork the orc
  4345 | D:5      | Killed Blork the orc
  4346 | D:5      | Reached skill level 6 in Stealth
  4822 | D:5      | Reached skill level 7 in Stealth
  4822 | D:5      | Reached XP level 8. HP: 52/52 MP: 8/8
  4938 | D:6      | Noticed Sigmund
  5225 | D:6      | Killed Sigmund
  5499 | D:6      | Reached skill level 5 in Dodging
  5639 | D:6      | Found Suxzahiatt's Assorted Antiques.
  5642 | D:6      | Bought a scroll labelled ODOMEQAUZI for 28 gold pieces
  5642 | D:6      | Bought a red potion for 25 gold pieces
  5642 | D:6      | Bought a white potion for 25 gold pieces
  5642 | D:6      | Bought an emerald potion for 25 gold pieces
  5693 | D:6      | Found a staircase to the Ecumenical Temple.
  6214 | D:6      | Reached XP level 9. HP: 56/56 MP: 9/9
  6448 | D:7      | Noticed Menkaure
  6457 | D:7      | Killed Menkaure
  6457 | D:7      | Reached **** piety under Trog
  6996 | D:7      | Noticed a hornet
  7006 | D:7      | Killed a hornet
  7454 | D:7      | Noticed Maggie
  7461 | D:7      | Killed Maggie
  7871 | D:8      | Found Xedghuj's Jewellery Boutique.
  7989 | D:8      | Found a radiant altar of Vehumet.
  7990 | D:8      | Found a shadowy altar of Dithmenos.
  7991 | D:8      | Found a shimmering altar of Xom.
  8060 | D:8      | Noticed Pikel
  8075 | D:8      | Killed Pikel
  8076 | D:8      | Reached skill level 10 in Short Blades
  8076 | D:8      | Reached XP level 10. HP: 54/63 MP: 10/10
  8189 | D:8      | Found Culoc's Island Escapes.
  8196 | D:8      | Bought a scroll of teleportation for 30 gold pieces
  8196 | D:8      | Bought a scroll of blinking for 75 gold pieces
  8216 | D:8      | Found a burning altar of Makhleb.
  8487 | D:8      | Identified the +4 dagger "Tichaope" {flame, rPois rF- Int+6
                  | Dex+2}
  8633 | D:9      | Reached skill level 10 in Dodging
  8643 | D:9      | Reached ***** piety under Trog
  8803 | D:9      | Noticed Maurice
  8821 | D:9      | Killed Maurice
  9060 | D:8      | Reached skill level 5 in Fighting
  9508 | D:9      | Found a sacrificial altar of Ru.
  9591 | D:9      | Reached XP level 11. HP: 68/72 MP: 11/11
  9794 | D:9      | Noticed a deep elf pyromancer
  9800 | D:9      | Killed a deep elf pyromancer
  9850 | D:9      | Noticed a deep elf pyromancer
  9856 | D:9      | Killed a deep elf pyromancer
  9868 | D:9      | Identified the +0 hat of the Last Visions {Regen+ Int+4}
  9976 | D:10     | Entered Level 10 of the Dungeon
  9976 | D:10     | Found an opulent altar of Gozag.
 10063 | D:10     | Received a gift from Trog
 10137 | D:10     | Reached skill level 1 in Evocations
 10153 | D:10     | Found a staircase to the Lair.
 10595 | D:10     | Reached skill level 8 in Stealth
 10688 | D:10     | Found a staircase to the Orcish Mines.
 10690 | D:10     | Noticed a two-headed ogre
 10700 | D:10     | Killed a two-headed ogre
 10838 | Lair:1   | Entered Level 1 of the Lair of Beasts
 10979 | Lair:1   | Reached skill level 9 in Stealth
 11019 | Lair:1   | Noticed Fannar
 11029 | Lair:1   | Killed Fannar
 11140 | Lair:1   | Reached skill level 5 in Evocations
 11140 | Lair:1   | Reached XP level 12. HP: 61/82 MP: 12/12
 11154 | Lair:1   | Reached skill level 1 in Throwing
 11154 | Lair:1   | Reached skill level 10 in Stealth
 11389 | Lair:1   | Noticed a five-headed hydra
 11395 | Lair:1   | Killed a five-headed hydra
 11882 | Lair:2   | Noticed a five-headed hydra
 11915 | Lair:2   | Killed a five-headed hydra
 11967 | Lair:2   | Reached skill level 11 in Stealth
 12335 | Lair:2   | Reached skill level 12 in Stealth
 12433 | Lair:2   | Found a staircase to the Shoals.
 12839 | Lair:3   | Reached skill level 5 in Throwing
 12951 | Lair:3   | Received a gift from Trog
 12952 | Lair:3   | Reached skill level 13 in Stealth
 12959 | Lair:3   | Found the +8 mithril axe "Arga" {speed, Will+}
 13081 | Lair:2   | Reached XP level 13. HP: 52/90 MP: 13/13
 13143 | Lair:3   | Reached skill level 14 in Stealth
 14063 | D:8      | Bought a ring of the Octopus King {MP+9 AC+1 EV+1 Str+1
                  | Int+1 Dex+1} for 542 gold pieces
 14063 | D:8      | Found the ring of the Octopus King {MP+9 AC+1 EV+1 Str+1
                  | Int+1 Dex+1}
 14251 | Lair:3   | Reached skill level 15 in Stealth
 14273 | Lair:3   | Identified the +10 broad axe of the Thieving Genius
                  | {protect, Will+ rCorr}
 14295 | Lair:3   | Found a runed translucent door.
 14346 | Lair:3   | Identified the -1 hat of Ykus {Dex+5}
 14351 | Lair:3   | Identified the +9 whip of Grontol {vorpal, *Slow Will+
                  | SInv}
 14455 | Lair:3   | Identified the amulet "Haiblint" {Faith Int-5 Dex+6}
 14652 | Lair:4   | Found a hole to the Spider Nest.
 14827 | Lair:4   | Reached skill level 16 in Stealth
 14840 | Lair:4   | Received a gift from Trog
 14928 | Lair:4   | Noticed Nergalle
 14931 | Lair:4   | Killed Nergalle
 15181 | Lair:4   | Reached skill level 17 in Stealth
 15497 | Lair:5   | Reached XP level 14. HP: 97/97 MP: 14/14
 15687 | Lair:5   | Found a staircase to the Slime Pits.
 15748 | Lair:5   | Reached ****** piety under Trog
 15757 | Lair:5   | Received a gift from Trog
 16238 | Lair:6   | Entered Level 6 of the Lair of Beasts
 16249 | Lair:6   | Reached skill level 18 in Stealth
 16592 | Lair:5   | Reached skill level 19 in Stealth
 17196 | Lair:6   | Reached skill level 20 in Stealth
 17258 | Lair:6   | Identified the +7 great sword "Sivym" {vorpal, rElec Str+2
                  | Int-5} (Trog gifted it to you on level 6 of the Lair of
                  | Beasts)
 17258 | Lair:6   | Received a gift from Trog
 17271 | Lair:6   | Reached XP level 15. HP: 54/101 MP: 15/15
 17406 | Lair:6   | Found the +4 skin of Zhor {*Englaciate rC+++ SInv}
 17415 | Lair:6   | Identified the +4 hand crossbow of Gitileid {elec, Dex+3}
 17835 | D:11     | Reached skill level 21 in Stealth
 18215 | D:11     | Identified the +1 leather armour of the Yeti {rC++ Str+2
                  | Dex-5}
 18362 | D:11     | Identified the +8 great mace of the Disturbing Quests
                  | {vorpal, rN+}
 18571 | D:12     | Reached skill level 15 in Dodging
 18630 | D:12     | Found Hapuulan's Changing Room.
 18993 | D:12     | Found a runed translucent gate.
 18993 | D:12     | Found a runed translucent gate.
 18993 | D:12     | Found a runed translucent gate.
 18993 | D:12     | Found an iron altar of Okawaru.
 18993 | D:12     | Noticed Tesamn's ghost (novice MiBe)
 19345 | D:13     | Found a runed translucent door.
 19395 | D:13     | Noticed twist's ghost (journeyman DjIE)
 19395 | D:13     | Noticed a lich
 19397 | D:13     | Noticed a shadow dragon
 19518 | D:13     | Found a runed translucent door.
 19694 | D:13     | Reached skill level 1 in Shields
 20136 | D:14     | Noticed Azrael
 20147 | D:13     | Killed Azrael
 20150 | D:13     | Received a gift from Trog
 20399 | D:14     | Found a stormy altar of Qazlal.
 20530 | D:14     | Noticed Frances
 20538 | D:14     | Killed Frances
 20539 | D:14     | Reached skill level 5 in Shields
 20586 | D:14     | Got the Incunabulum of Unstable Evil Magic
 20717 | D:14     | Reached XP level 16. HP: 108/108 MP: 16/16
 20830 | D:14     | Found a gate to the Vaults.
 20852 | D:14     | Reached skill level 10 in Fighting
 21085 | Orc:1    | Entered Level 1 of the Orcish Mines
 21424 | Orc:2    | Entered Level 2 of the Orcish Mines
 21427 | Orc:2    | Found a staircase to the Elven Halls.
 21451 | Orc:2    | Noticed Nessos
 21471 | Orc:2    | Killed Nessos
 21638 | Orc:2    | Noticed Jorgrun
 21684 | Orc:2    | Received a gift from Trog
 21773 | Orc:1    | You are sucked into a shaft and drop 1 floor!
 22270 | Orc:2    | Found Ojoivaf's Antique Armour Emporium.
 22270 | Orc:2    | Found Iguvurr's Book Boutique.
 22514 | Orc:2    | Noticed Urug
 22529 | Orc:2    | Killed Urug
 22602 | Orc:2    | Killed Jorgrun
 22739 | Orc:2    | Found Secvar's Armour Emporium.
 22739 | Orc:2    | Found Piura's Weapon Boutique.
 22747 | Orc:2    | Received a gift from Trog
 22954 | Shoals:1 | Entered Level 1 of the Shoals
 23394 | Shoals:1 | Found Dozizxu's Assorted Antiques.
 23429 | Shoals:1 | Bought a scroll of fog for 64 gold pieces
 23429 | Shoals:1 | Bought a scroll of fog for 64 gold pieces
 24120 | Shoals:2 | Reached XP level 17. HP: 122/124 MP: 17/17
 24182 | Shoals:2 | Received a gift from Trog
 24931 | Shoals:3 | Found a frozen archway.
 24957 | IceCv    | Entered an ice cave
 25193 | IceCv    | Noticed an Ice Fiend
 25197 | IceCv    | Killed an Ice Fiend
 25460 | Shoals:3 | Slain by an alligator snapping turtle

Illustrated notes

Levels and vault maps discovered:
D:1:      dpeg_arrival_boxorama, layout_basic, amcnicky_mini_corridor_feature,
          ebering_dispersal_statue_hall
D:2:      layout_loops_ring, serial_shops, nicolae_shop_stone,
          hangedman_abyss_or_decor_stabs
D:3:      layout_basic, shapermc_ecumenical_altar_notcrosses, serial_forest,
          infiniplex_forest_clump_large, infiniplex_forest_clump_large,
          infiniplex_forest_clump_C, infiniplex_forest_clump_long,
          infiniplex_forest_diagonal, infiniplex_forest_lined_3_way,
          infiniplex_forest_split, infiniplex_forest_straight_1,
          infiniplex_forest_lined_room_2, infiniplex_forest_clump_cross,
          chequers_arboretum
D:4:      layout_loops_ring, nemelex_dance_club_becter,
          grunt_temple_overflow_open, minmay_splitting_lines
D:5:      layout_rooms, grunt_ministairs_14, uniq_blork_the_orc
D:6:      layout_loops_corners, minmay_temple_entry_statues_pillars,
          serial_shops, kennysheep_mini, uniq_sigmund
D:7:      layout_cave_pods, uniq_menkaure, uniq_maggie
D:8:      layout_gridville, lemuel_round_altar,
          chequers_temple_overflow_statue_of_worship, serial_shops, shop,
          nicolae_island_escapes, uniq_pikel
D:9:      layout_long_grid, general_overflow_altar, hangedman_minor_magic,
          uniq_maurice
D:10:     layout_rooms, nicolae_gozag_seed_capital,
          grunt_lair_entry_orc_guard_hut, special_room [special_room_bee],
          kennysheep_minor_cross
D:11:     layout_roguey
D:12:     layout_long_grid, gammafunk_ghost_fury_of_okawaru,
          nicolae_transmutations_shop, hangedman_abyss_or_decor_passed
D:13:     layout_small_grid, muffindrake_ghost_dual_entry,
          kennysheep_island_fort
D:14:     layout_rooms, grunt_vaults_entry_tiered,
          nicolae_qazlal_scattered_showers, minmay_misc_feat_hallway,
          kennysheep_just_a_vault, uniq_frances, uniq_azrael
Lair:1:   layout_cave_shapes, nicolae_quartered_pool_little,
          chequers_serial_rivers_small_3, grunt_megastairs_5, lemuel_fruit_tree,
          infiniplex_staircase_pool, serial_bayou_shore_a, uniq_fannar
Lair:2:   layout_loops_ring, minmay_shoals_entry_beasts,
          grunt_forest_stairs_basic
Lair:3:   gammafunk_indiana_jones, layout_cave_pods, minmay_lair_oklob_chamber
Lair:4:   layout_gridlike, nicolae_spider_entry_tight_spaces,
          kennysheep_rathole, uniq_nergalle
Lair:5:   layout_regular_city, minmay_slime_entry_jelly_boxes,
          hangedman_lair_generics_rect
Lair:6:   grunt_lair_end_beastmaster, layout_hall_layers,
          chequers_serial_rivers_small_3
Shoals:1: layout_shoals, serial_shops, nicolae_diamond_shop
Shoals:2: layout_shoals, nicolae_shoals_siren_and_animal_friends
Shoals:3: layout_shoals, portal_ice_cave_entry_ice_statue_one
Orc:1:    layout_caves, basic_altar, nicolae_orc_bridge_out
Orc:2:    st_orc_town, layout_caves, uniq_jorgrun, uniq_nessos, uniq_urug

Skill      XL: |  1  2  3  4  5  6  7  8  9 10 11 12 13 14 15 16 17 |
---------------+----------------------------------------------------+-----
Stealth        | 1 2 3 4 5 7 9 13 17 20 21 | 21.0
Short Blades   | 4 5 6 7 8 10 | 10.1
Dodging        | 6 9 11 12 13 14 15 | 15.7
Fighting       | 5 7 9 13 14 | 14.7
Evocations     | 5 |  5.0
Throwing       | 5 6 |  6.3
Shields        | 7 9 |  9.0

Action                   |  1- 3 |  4- 6 |  7- 9 | 10-12 | 13-15 | 16-18 || total
-------------------------+-------+-------+-------+-------+-------+-------++-------
Melee: Short sword       |    30 |       |       |       |       |       ||    30
       Tentacles         |     8 |    30 |    63 |   167 |   365 |   290 ||   923
       Constrict         |    11 |    30 |    39 |    88 |    69 |   116 ||   353
       Dagger            |    26 |   115 |   233 |   256 |       |       ||   630
       Quick blade       |       |       |       |   355 |   972 |   787 ||  2114
Throw: Dart              |       |     2 |       |       |     1 |       ||     3
Invok: Berserk           |     2 |     1 |     5 |    10 |     5 |     4 ||    27
       Trog's Hand       |       |     1 |     1 |     2 |     1 |     5 ||    10
Evoke: Wand              |       |       |       |     1 |     1 |       ||     2
       Phial of floods   |       |       |       |       |       |     1 ||     1
  Use: Scroll            |       |       |     3 |     1 |    19 |     5 ||    28
       Potion            |       |       |       |       |     3 |       ||     3
 Stab: Sleeping          |     9 |     8 |    17 |    18 |    51 |    58 ||   161
       Distracted        |       |       |     1 |     3 |     9 |     6 ||    19
       Petrified         |       |       |       |       |     2 |       ||     2
       Paralysed         |       |       |       |       |     1 |       ||     1
Armor: Skin              |     6 |     3 |     4 |    14 |    53 |    30 ||   110
Dodge: Dodged            |    42 |    64 |   103 |   237 |   443 |   308 ||  1197
Block: Buckler           |       |       |       |       |       |   110 ||   110

Table legend: (Time is in decaauts)
 A = Elapsed time spent in this place.
 B = Non-inter-level travel time spent in this place.
 C = Inter-level travel time spent in this place.
 D = Time resting spent in this place.
 E = Time spent auto-exploring this place.
 F = Levels seen in this place.
 G = Mean time per level.
                   A        B        C        D        E       F      G
               +--------+--------+--------+--------+--------+-----+--------+
         Total |  24020 |  22511 |   1509 |   2250 |  15388 |  26 |  923.8 |
       Dungeon |  13977 |  13092 |    885 |   1558 |   9235 |  14 |  998.4 |
          Lair |   6192 |   5699 |    493 |    452 |   3938 |   6 | 1032.0 |
        Shoals |   1868 |   1809 |     59 |    159 |   1184 |   3 |  622.7 |
  Orcish Mines |   1581 |   1510 |     71 |     65 |    875 |   2 |  790.5 |
      Ice Cave |    400 |    400 |      0 |     15 |    156 |   1 |  400.0 |
               +--------+--------+--------+--------+--------+-----+--------+

Top non-repeatable levels by time:
     D:6: 1475 daAuts
  Lair:3: 1415 daAuts
     D:1: 1243 daAuts
     D:5: 1241 daAuts
     D:9: 1176 daAuts
    D:13: 1153 daAuts
     D:7: 1126 daAuts
     D:3: 1092 daAuts
  Lair:1: 1075 daAuts
     D:8: 1021 daAuts
  Lair:2: 981 daAuts
  Lair:6: 976 daAuts
     D:4: 966 daAuts
  Lair:5: 961 daAuts
    D:10: 931 daAuts
